AoeStats
← IdliDosa

Fortress

508449577Analyzed
4v4 RM · 9d ago on Sep 22, 2026· 38m 48s· 8 players
Game mode
Random Map
Map size
Huge
Population
200
Speed
Normal
Resources
Standard
Victory
Conquest
Starting age
Dark Age
Ending age
Imperial Age
RankedLock teamsTeams togetherTeam positionsShared explorationLock speedFull tech treeHidden civsTurbo modeCheats
Victory
Defeat
🇨🇳 Huns · China
1330
+14
🇷🇺 Hindustanis · Russia
1323
+14
🇩🇪 Burgundians · Germany
1322
+14
🇬🇷 Portuguese · Greece
1251
+17
🇨🇳 Khmer · China
1354
-17
🇹🇼 Khmer · Taiwan
1292
-15
🇹🇼 Bengalis · Taiwan
1259
-14
🇮🇳 Romans · India
1246
-13
软脚虾3号
3:23 Double-Bit Axe
3:20 Horse Collar
7:58 Feudal Age
11:39 Castle Age
10:20 Bow Saw
10:36 Heavy Plow
15:00 Wheelbarrow
17:50 Gold Mining
17:50 Stone Mining
23:45 Imperial Age
21:13 Loom
21:14 Town Watch
22:18 Husbandry
22:34 Hand Cart
22:57 Gold Shaft Mining
22:57 Stone Shaft Mining
23:20 Burgundian Vineyards
24:19 Two-Man Saw
23:44 Scale Barding Armor
23:49 Forging
25:00 Conscription
25:54 Chemistry
25:17 Ballistics
25:51 Chain Barding Armor
26:06 Iron Casting
27:21 Guilds
28:08 Plate Barding Armor
27:54 Herbal Medicine
29:06 Blast Furnace
27:35 Elite Coustillier
28:30 Padded Archer Armor
29:47 Squires
29:08 Pikeman
30:27 Scale Mail Armor
30:44 Leather Archer Armor
30:46 Fletching
31:49 Hoardings
32:09 Chain Mail Armor
32:41 Caravan
33:56 Plate Mail Armor
33:21 Bodkin Arrow
nikos9730
1:52 Loom
8:28 Feudal Age
8:58 Horse Collar
9:07 Double-Bit Axe
9:06 Horse Collar
11:30 Wheelbarrow
17:09 Castle Age
19:21 Bow Saw
19:41 Town Watch
20:53 Heavy Plow
21:35 Town Patrol
22:33 Gold Mining
24:22 Hand Cart
25:57 Forging
28:25 Imperial Age
25:39 Pikeman
28:31 Halberdier
29:34 Conscription
30:20 Chemistry
29:41 Ballistics
37:47 Arquebus
39:08 Crop Rotation
lxc
8:20 Feudal Age
12:06 Castle Age
10:02 Double-Bit Axe
10:19 Horse Collar
12:53 Wheelbarrow
14:09 Wheelbarrow
14:50 Bow Saw
15:40 Loom
18:57 Scale Barding Armor
19:02 Forging
19:19 Heavy Plow
19:49 Forging
19:41 Gold Mining
21:10 Gold Shaft Mining
21:07 Chain Barding Armor
21:01 Husbandry
21:12 Bloodlines
22:18 Iron Casting
22:01 Bloodlines
23:18 Stone Mining
24:14 Hand Cart
23:46 Town Watch
24:18 Marauders
32:00 Imperial Age
32:14 Cavalier
33:32 Plate Barding Armor
33:58 Blast Furnace
33:33 Caravan
34:03 Coinage
33:43 Guilds
34:00 Paladin
35:39 Banking
max_paynich
0:30 Loom
5:38 Feudal Age
3:55 Loom
6:02 Horse Collar
6:09 Double-Bit Axe
12:50 Castle Age
13:08 Town Watch
20:41 Wheelbarrow
22:03 Hand Cart
24:07 Gold Mining
24:10 Stone Mining
24:23 Heavy Plow
24:38 Bow Saw
26:28 Gold Shaft Mining
26:51 Stone Shaft Mining
29:28 Imperial Age
28:02 Forging
27:59 Scale Barding Armor
28:10 Bloodlines
28:01 Husbandry
27:24 Light Cavalry
29:19 Iron Casting
28:35 Fletching
29:06 Grand Trunk Road
30:25 Chain Barding Armor
30:10 Padded Archer Armor
30:49 Conscription
29:53 Heavy Camel Rider
30:55 Ballistics
32:06 Two-Man Saw
31:02 Hussar
33:15 Blast Furnace
32:50 Plate Barding Armor
33:39 Imperial Camel Rider
34:38 Leather Archer Armor
34:18 Bodkin Arrow
37:59 Hoardings
SwallowXII
8:25 Feudal Age
11:17 Castle Age
9:31 Double-Bit Axe
9:31 Horse Collar
12:38 Bow Saw
17:28 Wheelbarrow
17:08 Stone Mining
19:34 Gold Mining
20:32 Hand Cart
21:34 Gold Shaft Mining
21:29 Loom
25:40 Imperial Age
25:07 Scale Barding Armor
25:14 Forging
25:35 Husbandry
25:45 Bloodlines
25:38 Fletching
26:10 Chain Barding Armor
26:58 Conscription
26:39 Tusk Swords
27:37 Iron Casting
27:41 Heavy Plow
29:52 Blast Furnace
29:28 Plate Barding Armor
30:53 Bodkin Arrow
31:38 Bracer
31:31 Elite Battle Elephant
33:24 Pikeman
34:06 Scale Mail Armor
33:59 Light Cavalry
36:15 Hussar
36:59 Halberdier
37:56 Chain Mail Armor
39:04 Double Crossbow
Jack
7:24 Feudal Age
7:09 Loom
10:48 Castle Age
9:03 Horse Collar
9:10 Double-Bit Axe
14:58 Bow Saw
15:12 Heavy Plow
16:36 Gold Mining
17:10 Loom
19:05 Stone Mining
19:51 Gold Shaft Mining
21:08 Stone Shaft Mining
21:25 Bloodlines
21:15 Husbandry
23:04 Wheelbarrow
23:50 Scale Barding Armor
26:39 Imperial Age
24:56 Chain Barding Armor
25:15 Forging
24:50 Light Cavalry
26:26 Ballistics
27:53 Iron Casting
27:30 Double Crossbow
27:59 Conscription
29:39 Hoardings
30:06 Plate Barding Armor
30:33 Chemistry
30:24 Hand Cart
29:55 Town Watch
30:33 Hussar
31:52 Elite Ballista Elephant
33:15 Caravan
33:26 Siege Engineers
35:57 Masonry
35:44 Herbal Medicine
開機中
6:32 Feudal Age
6:46 Feudal Age
10:27 Double-Bit Axe
12:54 Castle Age
12:46 Horse Collar
14:31 Bow Saw
20:35 Heavy Plow
21:46 Wheelbarrow
21:52 Wheelbarrow
21:04 Loom
22:45 Stone Mining
22:46 Gold Mining
24:31 Hand Cart
27:20 Imperial Age
25:52 Gold Shaft Mining
26:15 Paiks
26:29 Forging
26:25 Scale Barding Armor
28:25 Ballistics
27:49 Treadmill Crane
28:03 Fletching
28:13 Padded Archer Armor
28:58 Iron Casting
28:44 Chain Barding Armor
29:11 Conscription
29:27 Bodkin Arrow
29:48 Leather Archer Armor
31:16 Chemistry
30:19 Bracer
31:20 Blast Furnace
30:13 Elite Ratha (Ranged)
31:37 Masonry
32:08 Ring Archer Armor
32:15 Plate Barding Armor
33:22 Guilds
34:27 Two-Man Saw
34:32 Fortified Wall
34:53 Architecture
35:28 Bloodlines
35:19 Husbandry
IdliDosa
8:54 Feudal Age
10:02 Horse Collar
10:10 Double-Bit Axe
14:05 Castle Age
15:03 Heavy Plow
15:17 Bow Saw
20:05 Loom
20:56 Wheelbarrow
20:07 Town Watch
24:04 Imperial Age
22:24 Hand Cart
22:47 Pikeman
23:28 Squires
23:30 Scale Mail Armor
23:40 Forging
24:07 Heavy Scorpion
25:00 Ballistas
25:16 Conscription
25:12 Gold Mining
25:13 Stone Mining
27:28 Ballistics
28:09 Chemistry
27:15 Siege Engineers
32:28 Chain Mail Armor
32:48 Iron Casting
31:35 Halberdier
Connection lost

Rejoining the realm…

Still unreachable

The connection could not be restored.

Session expired

The server has moved on; the page needs a fresh start.